 Dungeon Crawl Stone Soup version 0.21.1-1-g345015f (webtiles) character file.

1211 suicidejoker the Covert (level 8, -2/54 HPs)
             Began as an Octopode Assassin on Apr 14, 2018.
             Slain by a centaur (6 damage)
             ... on level 6 of the Dungeon.
             The game lasted 00:21:22 (5034 turns).

suicidejoker the Covert (Octopode Assassin)         Turns: 5034, Time: 00:21:23

Health: -2/54      AC:  1    Str: 13    XL:     8   Next: 46%
Magic:  13/13      EV: 18    Int: 13    God:
Gold:   2          SH:  0    Dex: 13    Spells: 14/14 levels left

rFire    . . .     SeeInvis .   l - +2 dagger (venom)
rCold    . . .     Gourm    +   (no shield)
rNeg     + . .     Faith    .   (helmet restricted)
rPois    .         Spirit   .   e - amulet of the gourmand
rElec    .         Reflect  .   a - ring of positive energy
rCorr    .         Harm     .   t - +3 ring of evasion
MR       .....                  (no ring)
Stlth    +++++.....             (no ring)
HPRegen  0.18/turn              (no ring)
MPRegen  0.13/turn              (no ring)
                                (no ring)
                                (no ring)

@: about to teleport
A: almost no armour, stealthy swim, amphibious, 8 rings, constrict 8, camouflage
1, gelatinous body 1
a: no special abilities


You were on level 6 of the Dungeon.
You were not hungry.

You visited 2 branches of the dungeon, and saw 7 of its levels.

You collected 212 gold pieces.
You spent 210 gold pieces at shops.

Inventory:

Hand Weapons
 b - a +0 blowgun
 l - a +2 dagger of venom (weapon)
Missiles
 d - 47 poisoned needles
 h - 203 stones (quivered)
 j - 2 curare-tipped needles
 m - 80 arrows
 n - 54 bolts
 q - 12 sling bullets
 r - 3 tomahawks
 v - a tomahawk of returning
 w - a throwing net
Jewellery
 a - a ring of positive energy (left tentacle)
 e - an amulet of the gourmand (around mantle)
 t - a +3 ring of evasion (right tentacle)
Wands
 u - a wand of polymorph (9)
Scrolls
 c - a scroll of enchant armour
 g - 6 scrolls of remove curse
 o - a scroll of identify
 s - a scroll of amnesia
Potions
 i - 3 potions of degeneration
Comestibles
 f - 11 rations


   Skills:
 + Level 4.7 Fighting
 + Level 4.8 Short Blades
 - Level 2.0 Throwing
 + Level 4.3 Dodging
 + Level 8.2 Stealth
 + Level 3.7 Spellcasting


You had 14 spell levels left.
You didn't know any spells.

Dungeon Overview and Level Annotations

Branches:
Dungeon (6/15)             Temple (1/1) D:6

Altars:
Cheibriados
Fedhas
Gozag
Kikubaaqudgha
Qazlal
Ru
Xom

Shops:
D:4 *(=:

Annotations:
D:4 mcsquinty's ghost, amateur DEFE


Innate Abilities, Weirdness & Mutations

You cannot wear most types of armour.
You are very stealthy in the water. (Stealth+)
You are amphibious.
You can wear up to eight rings at the same time.
You can use your tentacles to constrict eight enemies at once.
Your skin changes colour to match your surroundings (Stealth+).
Your rubbery body absorbs attacks. (AC +1, EV +1)


Message History

It is a scroll of enchant armour.
You aren't carrying any armour which can be enchanted further.
The centaur hits you.
* * * LOW HITPOINT WARNING * * *
The centaur completely misses you.
As you read the scroll labeled WIUFUE KOMA, it crumbles to dust.
Wisps of shadow whirl around you...
It was a scroll of summoning.
The centaur misses you. The phantom closely misses you.
As you read the scroll of teleportation, it crumbles to dust.
You feel strangely unstable. The centaur barely misses you.
The phantom hits you.
* * * LOW HITPOINT WARNING * * *
Your adder bites the centaur.
The centaur misses you.
Your adder skeleton barely misses the phantom.
You hit the centaur.
The centaur is heavily wounded.
You feel sick.
You are no longer poisoned.
The centaur hits you.
You die...

#.#
#..#...#
#.#
#..#...#
#.#
#..#...####
#.#
...#.......
#.#
###.#.....
..+
+.........
#S#
###.#.).#.
#c#
#.#)#$#.
#@# #
#)#.## #W#
#W#o.# #Z#
#.#..#
##'####
#.#...
#.....#
#.#.o.
#.....#
#.#.o.
#.(...# #.#
#.....# #.#
#.....# #.#


You could see a phantom, a centaur, a friendly adder and a friendly adder
skeleton.

Vanquished Creatures
  Eustachio (D:6)
  An orc warrior (D:6)
  An ice beast (D:6)
  An ogre (D:4)
  A centaur (D:6)
  2 bullfrogs (D:6)
  A howler monkey (D:6)
  4 orc priests
  2 hounds
  2 bullfrog skeletons (D:4)
  Terence (D:3)
  4 worker ants
  An iguana (D:4)
  3 orc wizards
  5 adders
  3 worms
  A dart slug (D:1)
  2 leopard geckos
  11 orcs
  A ball python (D:4)
  4 bats
  4 giant cockroaches
  5 goblins
  7 hobgoblins (D:2)
  2 jackals (D:4)
  A quokka (D:2)
  3 frilled lizards
  5 kobolds
  5 rats
84 creatures vanquished.

Notes
Turn   | Place    | Note
-------+----------+-------------------------------------------
     0 | D:1      | suicidejoker the Octopode Assassin began the quest for the Orb.
     0 | D:1      | Reached XP level 1. HP: 14/14 MP: 1/1
   106 | D:1      | Reached XP level 2. HP: 13/19 MP: 2/2
   278 | D:1      | You fall through a shaft!
  1580 | D:2      | Reached skill level 1 in Spellcasting
  1580 | D:2      | Reached XP level 3. HP: 14/25 MP: 4/4
  1666 | D:2      | Reached XP level 4. HP: 25/30 MP: 5/5
  2165 | D:2      | Reached skill level 6 in Stealth
  2211 | D:2      | Reached XP level 5. HP: 26/36 MP: 7/7
  2291 | D:2      | Found a stormy altar of Qazlal.
  2898 | D:3      | Noticed Terence
  2901 | D:3      | Killed Terence
  2951 | D:3      | Found a blossoming altar of Fedhas.
  3044 | D:4      | Noticed an ogre
  3102 | D:4      | Killed an ogre
  3102 | D:4      | Reached XP level 6. HP: 42/42 MP: 7/9
  3197 | D:4      | Found Wogeghec's Antique Weapon Shoppe.
  3214 | D:4      | Noticed mcsquinty's ghost (amateur DEFE)
  3482 | D:4      | Found Iday's General Store.
  3690 | D:4      | Found Poawemn's Jewellery Boutique.
  3692 | D:4      | Found Ciymp's Book Shop.
  4009 | D:4      | Bought a +3 ring of evasion for 210 gold pieces
  4055 | D:4      | Reached XP level 7. HP: 46/46 MP: 10/10
  4081 | D:5      | Entered Level 5 of the Dungeon
  4100 | D:6      | Reached skill level 7 in Stealth
  4359 | D:6      | Found a staircase to the Ecumenical Temple.
  4379 | Temple   | Entered the Ecumenical Temple
  4519 | D:6      | Reached XP level 8. HP: 23/54 MP: 12/12
  4526 | D:6      | Noticed Eustachio
  4533 | D:6      | Killed Eustachio
  4755 | D:6      | Reached skill level 8 in Stealth
  5034 | D:6      | Slain by a centaur

Skill      XL: |  1  2  3  4  5  6  7  8 |
---------------+-------------------------+-----
Spellcasting   | 1 2 3 |  3.7
Dodging        | 2 3 4 |  4.3
Stealth        | 6 7 8 |  8.2
Fighting       | 3 4 |  4.7
Short Blades   | 3 4 |  4.8
Throwing       | |  2.0

Action                   |  1- 3 |  4- 6 |  7- 9 || total
-------------------------+-------+-------+-------++-------
Melee: Dagger            |    39 |    98 |    83 ||   220
       Constrict         |    12 |    16 |    13 ||    41
       Tentacles         |     6 |    21 |    16 ||    43
 Fire: Blowgun           |    10 |     6 |     8 ||    24
Throw: Stone             |     1 |       |       ||     1
Evoke: Wand              |       |       |     6 ||     6
  Use: Scroll            |     6 |       |     4 ||    10
       Potion            |       |     5 |     1 ||     6
 Stab: Sleeping          |     4 |    17 |     6 ||    27
       Distracted        |       |     1 |       ||     1
  Eat: Ration            |     1 |       |       ||     1
       Chunk             |       |     7 |     3 ||    10
Armor: Skin              |     2 |     3 |     2 ||     7
Dodge: Dodged            |    21 |    49 |    55 ||   125
